 Dungeon Crawl Stone Soup version 0.29.1-13-g9f3cf754e1 (webtiles) character file.

Game seed: 15526777246010300864

79 LustLizard the Sneak (level 4, -2/27 HPs)
             Began as a Kobold Brigand on Jan 28, 2023.
             Slain by a goblin
             ... wielding a +0 club
              (3 damage)
             ... on level 2 of the Dungeon.
             The game lasted 00:04:28 (1976 turns).

LustLizard the Sneak (Kobold Brigand)               Turns: 1976, Time: 00:04:28

Health: -2/27      AC:  4    Str:  8    XL:     4   Next: 62%
Magic:  4/4        EV: 14    Int: 12    God:
Gold:   78         SH:  0    Dex: 18    Spells: 3/3 levels left

rFire   . . .      SeeInvis .   h - +3 dagger
rCold   . . .      Faith    .   (no shield)
rNeg    . . .      Spirit   .   a - +1 leather armour
rPois   .          Reflect  .   (no helmet)
rElec   .          Harm     .   i - scarf {shadows}
rCorr   .          Rampage  .   (no gloves)
Will    .....                   (no boots)
Stlth   ++++......              (no amulet)
HPRegen 0.09/turn               (no ring)
MPRegen 0.09/turn               (no ring)

@: no status effects
A: small, no large weapons, nightstalker 3
a: no special abilities


You were on level 2 of the Dungeon.
You visited 1 branch of the dungeon, and saw 3 of its levels.

You collected 78 gold pieces.

Inventory:

Hand Weapons
 h - a +3 dagger (weapon)
Missiles
 d - 11 poisoned darts (quivered)
 e - 3 curare-tipped darts
 j - 2 throwing nets
 k - 18 stones
Armour
 a - a +1 leather armour (worn)
 b - a +0 robe
 c - a +0 cloak
 i - a scarf of shadows (worn)
Wands
 r - a wand of charming (11)
Scrolls
 f - 2 scrolls of poison {unknown}
 g - 2 scrolls of enchant armour
 l - 2 scrolls of identify {unknown}
 n - a scroll of teleportation {unknown}
Potions
 m - 2 potions of heal wounds {unknown}
 o - a potion of haste {unknown}
 p - 2 potions of curing {unknown}
 q - 2 potions of lignification {unknown}


   Skills:
 + Level 2.8 Fighting
 * Level 4.1 Short Blades
 * Level 3.3 Throwing
 + Level 2.2 Dodging
 - Level 5.3 Stealth


You had 3 spell levels left.
You didn't know any spells.
Your spell library contained the following spells:

 Spells                   Type           Power      Damage    Failure   Level
 Sublimation of Blood     Necr           0%         N/A       58%         2
 Wereblood                Tmut           0%         N/A       58%         2
 Summon Hydra             Summ           0%         N/A       100%        7


Dungeon Overview and Level Annotations

Branches:
Dungeon (3/15)

Altars:

Annotations:
D:2 Ijyb


Innate Abilities, Weirdness & Mutations

You are small and have problems with some larger weapons.
You are completely attuned to the shadows.


Message History

You hit Ijyb but do no damage.
Ijyb is moderately wounded.
The goblin hits you with a +0 club. The goblin hits you but does no damage.
Ijyb misses you.
You hit Ijyb but do no damage.
Ijyb is moderately wounded.
The goblin barely misses you. The goblin hits you but does no damage.
The goblin hits you with a +0 club. Ijyb barely misses you.
You closely miss Ijyb.
Ijyb is moderately wounded.
The goblin hits you but does no damage. x2; The goblin hits you with a +0 club.
* * * LOW HITPOINT WARNING * * *
Ijyb zaps a wand.
You resist with some effort.
You hit Ijyb.
Ijyb is moderately wounded.
The goblin barely misses you. The goblin hits you with a +0 club.
* * * LOW HITPOINT WARNING * * *
The goblin closely misses you. Ijyb closely misses you.
Unknown command.
Okay, then.
Okay, then.
You hit Ijyb but do no damage.
Ijyb is moderately wounded.
You hit Ijyb but do no damage.
Ijyb is moderately wounded.
The goblin completely misses you. The goblin barely misses you. x2
Ijyb closely misses you.
You hit Ijyb but do no damage.
Ijyb is moderately wounded.
The goblin hits you with a +0 club.
* * * LOW HITPOINT WARNING * * *
The goblin hits you with a +0 club.
* * * LOW HITPOINT WARNING * * *
The goblin closely misses you. Ijyb hits you with a +0 club.
* * * LOW HITPOINT WARNING * * *
You barely miss the goblin.
The goblin is heavily wounded.
The goblin barely misses you. The goblin closely misses you.
The goblin hits you with a +0 club.
You die...

#.#####.....#
#.##........####
##########.#...##..#.....
8.8.8.8.......#.#..######
.......[.#.#.#.##..#
g........#.........#
........g#########.#
.......gg# #.#
......g@#### ##.######
8.8.8g###.## #........
####..#...####..#####.
########
#.#..............##.
###......#
#...#...####..##....
[...####.# ##.###.##
##...####. ###.# #.# #.#
### #.....###. #.####.#
#.# ##........ #..<.#.#
#.# ##.#####.


You could see Ijyb and 4 goblins.

Vanquished Creatures
  A gnoll (D:1)
  An adder (D:2)
  A worm (D:2)
  A dart slug (D:2)
  8 endoplasms
  A giant cockroach (D:3)
  6 goblins
  3 hobgoblins (D:1)
  6 jackals
  6 kobolds
  3 quokkas
  3 ball pythons
  4 bats
  5 frilled lizards
  3 rats
52 creatures vanquished.

Notes
Turn   | Place    | Note
-------+----------+-------------------------------------------
     0 | D:1      | LustLizard the Kobold Brigand began the quest for the Orb.
     0 | D:1      | Reached XP level 1. HP: 12/12 MP: 1/1
   103 | D:1      | Reached XP level 2. HP: 17/17 MP: 2/2
   290 | D:1      | Reached XP level 3. HP: 22/22 MP: 3/3
  1156 | D:2      | Reached XP level 4. HP: 27/27 MP: 4/4
  1530 | D:2      | You fall into a shaft and drop 1 floor!
  1954 | D:2      | Noticed Ijyb
  1975 | D:2      | HP: 1/27 [Ijyb/+0 club (2)]
  1976 | D:2      | Slain by a goblin

Illustrated notes

Levels and vault maps discovered:
D:1:      psy_arrival_spokes, layout_loops_ring, hangedman_abyss_or_decor_stabs
D:2:      kennysheep_the_goblin_king, layout_loops_corners
D:3:      kennysheep_big_flooded_room, layout_loops_corners,
          hellmonk_ecumenical_altar_crossroads, uniq_jessica

Skill      XL: |  1  2  3  4 |
---------------+-------------+-----
Short Blades   | 3 4 |  4.1
Throwing       | 3 |  3.3
Dodging        | 2 |  2.2
Fighting       | |  2.8
Stealth        | |  5.3

Action                   |  1- 3 |  4- 6 || total
-------------------------+-------+-------++-------
Melee: Dagger            |    83 |    49 ||   132
       Punch             |     3 |       ||     3
  Use: Scroll            |     1 |       ||     1
 Stab: Sleeping          |    18 |    10 ||    28
Armor: Robe              |    10 |       ||    10
       Leather armour    |     1 |     8 ||     9
Dodge: Dodged            |    40 |    36 ||    76
